 Dungeon Sprint DCSS version 0.30-a0-722-g3e6e8c874d (webtiles) character file.

Game seed: 7052217459766438199

6912 mhtbhm the Unseen (level 11, -13/120 HPs)
             Began as a Kobold Berserker on Jan 28, 2023.
             Was the Champion of Trog.
             Mangled by an orc warrior
             ... wielding a +0 glaive
              (35 damage)
             ... in the Dungeon (Sprint III: "The Ten Rune Challenge").
             The game lasted 00:04:16 (1777 turns).

mhtbhm the Unseen (Kobold Berserker)                Turns: 1777, Time: 00:04:17

Health: -13/120    AC:  2    Str: 18    XL:     11   Next: 27%
Magic:  9/9        EV: 21    Int:  9    God:    Trog [******]
Gold:   31         SH:  0    Dex: 15    Spells: 10/10 levels left

rFire   . . .      SeeInvis .    a - +4 rapier (flame)
rCold   + . .      Faith    .    (no shield)
rNeg    . . .      Spirit   .    b - +0 animal skin
rPois   +          Reflect  .    (no helmet)
rElec   .          Harm     .    (no cloak)
rCorr   .          Rampage  .    (no gloves)
Will    .....      NoTele   +    (no boots) Stlth
                                 (no amulet)
HPRegen 0.40/turn                (no ring)
MPRegen 0.11/turn                (no ring)

@: berserking, very quick
A: small, no large weapons, nightstalker 3, cold resistance 1, low MP 1, poison
resistance
a: Renounce Religion, Berserk, Trog's Hand, Brothers in Arms


You were in the Dungeon.
You worshipped Trog.
Trog was exalted by your worship.
You visited 1 branch You collected 31 gold pieces.

Inventory:

Hand Weapons
 a - a +4 rapier of flaming (weapon)
Armour
 b - a +0 animal skin (worn)
Wands
 d - a wand of quicksilver (6)
 r - a wand of roots (1)
Scrolls
 h - a scroll of blinking
 i - a scroll of amnesia {unknown}
 j - a scroll of torment {unknown}
 k - a scroll of fog {unknown}
 m - a scroll of poison {unknown}
 n - 2 scrolls of identify
Potions
 c - 2 potions of curing
 e - a potion of haste
 f - 2 potions of magic
 g - 3 potions of berserk rage
 l - 2 potions of flight
 o - 2 potions of might
 p - 3 potions of mutation
Miscellaneous
 q - a phantom mirror (inert)


   Skills:
 + Level 14.9 Fighting
 + Level 17.4 Short Blades
 + Level 4.8 Armour
 + Level 11.8 Dodging
 + Level 19.8 Stealth
 + Level 3.5 Evocations


You had 10 spell levels left.
You didn't know any spells.
Your spell library was empty.

Dungeon Overview and Level Annotations

Branches:
Dungeon (1/1)

Altars:
Cheibriados
Dithmenos
Elyvilon
Fedhas
Gozag
Hepliaklqana
Kikubaaqudgha
Makhleb
Nemelex Xobeh
Okawaru
Qazlal
Ru
Sif Muna
Trog
Uskayaw
Vehumet
Wu Jian
Xom
Yredelemnul
Zin
The Shining One
Jiyva
Lugonu

Shops:
D [


Innate Abilities, Weirdness & Mutations

You are small and have problems with some larger weapons.
You are completely attuned to the shadows.
Your flesh is cold resistant. (rC+)
Your magical capacity is low. (-10% MP)
Your system is resistant to poisons. (rPois)


Message History

You are too injured to fight recklessly!
You are too injured to fight recklessly!
You are too injured to fight recklessly!
You hit the orc warrior. You burn the orc warrior.
The orc warrior is almost dead.
You puncture the orc warrior! You burn the orc warrior.
You kill the orc warrior!
Trog accepts your kill.
You puncture the orc wizard! You burn the orc wizard.
The orc wizard is severely wounded.
You closely miss the orc wizard.
The orc wizard is severely wounded.
The orc wizard mumbles some strange words.
The orc wizard flickers and vanishes!
Deactivating autopickup; reactivate with Ctrl-A.
An orc comes into view. It is wielding a +0 flail.
The orc priest mumbles some strange prayers to Beogh against you.
Beogh smites you!
* * * LOW HITPOINT WARNING * * *
The orc warrior completely misses you. The orc wizard barely misses you.
You barely miss the orc wizard.
The orc wizard is severely wounded.
The orc shouts!
Unknown command.
You hit the orc wizard. You burn the orc wizard.
You kill the orc wizard!
Trog accepts your kill.
Trog appreciates your killing of a magic user.
Unknown command.
You puncture the orc! You burn the orc.
You kill the orc!
Trog accepts your kill. The orc warrior misses you.
You hit the orc warrior. You burn the orc warrior.
The orc warrior is moderately wounded.
You puncture the orc warrior! You burn the orc warrior.
The orc warrior is severely wounded.
The orc warrior misses you.
The orc warrior hits you from afar with a +0 glaive!!
You die...

##.############
##..#___#___#__#$$∩#.
.#..#)..#__)#†_#.$...
.#..###'#'###)##o)o..
'#..#..........#ooo{.
#...'.⌠........#@#
#...#...######'#)#
....#.⌠.#__#...#'################
....#...#__#...#....#.#.#.....#^^
....#'###__#...##.#..#.##)###)#..
....#.))#__#...'##)#.#.##.#.)##.^
....#___#__'...#.))#..#..##..'...
▓▓▓▓▓▓▓▓▓▓▓▓▓▓▓▓▓▓▓▓▓▓▓▓▓▓▓▓▓#...
♣.....♣♣♣♣~~~........~~~...#...


You could see an orc knight, 2 orc warriors, an orc priest (strong) and an orc
(strong).

Vanquished Creatures
  Erolcha (D)
  Urug (D)
  A lindwurm (D)
  A deep elf pyromancer (D)
  An orc sorcerer (D)
  2 cane toads (D)
  A rime drake (D)
  A komodo dragon (D)
  2 tyrant leeches (D)
  3 wandering mushrooms (D)
  A shadow (D)
  5 redbacks (D)
  A spatial vortex (D)
  An orc warrior (D)
  A swamp drake (D)
  5 two-headed ogres (D)
  A necrophage (D)
  A water elemental (D)
  A jelly (D)
  Jessica (D)
  2 orc wizards (D)
  A wizard (D)
  A necromancer (D)
  3 humans (D)
  A kobold demonologist (D)
  A phantom (D)
  An orc (D)
  2 endoplasms (D)
  A rat (D)
45 creatures vanquished.

Vanquished Creatures (collateral kills)
  An orc warrior (D)
1 creature vanquished.

Grand Total: 46 creatures vanquished

Notes
Turn   | Place    | Note
-------+----------+-------------------------------------------
     0 | D        | mhtbhm the Kobold Berserker began the quest for the Orb.
     0 | D        | Reached XP level 1. HP: 14/14 MP: 1/1
    51 | D        | Noticed Jessica
    55 | D        | Killed Jessica
    55 | D        | Reached ** piety under Trog
    56 | D        | Reached skill level 5 in Fighting
    56 | D        | Reached skill level 1 in Stealth
    56 | D        | Reached XP level 2. HP: 21/21 MP: 2/2
    56 | D        | Reached XP level 3. HP: 26/26 MP: 3/3
    86 | D        | Reached skill level 2 in Stealth
    86 | D        | Reached XP level 4. HP: 32/32 MP: 4/4
   120 | D        | Gained mutation: You are dopey. (Int -2) [potion of
                  | mutation]
   121 | D        | Lost mutation: You are dopey. (Int -2) [potion of mutation]
   121 | D        | Gained mutation: You are weak. (Str -2) [potion of
                  | mutation]
   121 | D        | Gained mutation: Armour fits poorly on your strangely
                  | shaped body. [potion of mutation]
   122 | D        | Lost mutation: Armour fits poorly on your strangely shaped
                  | body. [potion of mutation]
   122 | D        | Lost mutation: You are weak. (Str -2) [potion of mutation]
   122 | D        | Gained mutation: You have sharp fingernails. [potion of
                  | mutation]
   122 | D        | Gained mutation: You are vulnerable to heat. (rF-) [potion
                  | of mutation]
   122 | D        | Gained mutation: Your flesh is cold resistant. (rC+)
                  | [potion of mutation]
   123 | D        | Lost mutation: You have sharp fingernails. [potion of
                  | mutation]
   123 | D        | Lost mutation: You are vulnerable to heat. (rF-) [potion of
                  | mutation]
   123 | D        | Gained mutation: Your magical capacity is low. (-10% MP)
                  | [potion of mutation]
   123 | D        | Gained mutation: Your system is resistant to poisons.
                  | (rPois) [potion of mutation]
   125 | D        | Noticed a water elemental
   130 | D        | Killed a water elemental
   130 | D        | Reached *** piety under Trog
   131 | D        | Reached skill level 3 in Stealth
   131 | D        | Reached XP level 5. HP: 38/38 MP: 4/4
   185 | D        | Found a radiant altar of Vehumet.
   185 | D        | Found a shimmering blue altar of Sif Muna.
   185 | D        | Found an ancient bone altar of Kikubaaqudgha.
   189 | D        | Reached **** piety under Trog
   190 | D        | Reached skill level 4 in Stealth
   208 | D        | Noticed a shadow
   222 | D        | Killed a shadow
   223 | D        | Reached skill level 10 in Short Blades
   223 | D        | Reached skill level 5 in Dodging
   223 | D        | Reached skill level 6 in Stealth
   223 | D        | Reached XP level 6. HP: 41/45 MP: 5/5
   446 | D        | Found a blossoming altar of Fedhas.
   446 | D        | Found a stormy altar of Qazlal.
   446 | D        | Found a snail-covered altar of Cheibriados.
   446 | D        | Found a burning altar of Makhleb.
   446 | D        | Found a shimmering altar of Xom.
   447 | D        | Found a hazy altar of Hepliaklqana.
   447 | D        | Found an opulent altar of Gozag.
   447 | D        | Found a sparkling altar of Nemelex Xobeh.
   447 | D        | Found a corrupted altar of Lugonu.
   447 | D        | Found a viscous altar of Jiyva.
   447 | D        | Noticed a spatial vortex
   450 | D        | Killed a spatial vortex
   451 | D        | Reached skill level 7 in Stealth
   451 | D        | Reached XP level 7. HP: 51/51 MP: 6/6
   475 | D        | Found a shadowy altar of Dithmenos.
   476 | D        | Found a basalt altar of Yredelemnul.
   476 | D        | Found a sacrificial altar of Ru.
   483 | D        | Reached skill level 8 in Stealth
   489 | D        | Reached ***** piety under Trog
   581 | D        | Found a glowing silver altar of Zin.
   582 | D        | Found a glowing golden altar of the Shining One.
   582 | D        | Found a white marble altar of Elyvilon.
   582 | D        | Noticed a deep elf pyromancer
   584 | D        | Killed a deep elf pyromancer
   585 | D        | Reached skill level 10 in Stealth
   585 | D        | Reached XP level 8. HP: 60/60 MP: 7/7
   596 | D        | Found a hide-covered altar of Uskayaw.
   596 | D        | Found an iron altar of Okawaru.
   597 | D        | Found a bloodstained altar of Trog.
   597 | D        | Found an ornate altar of the Wu Jian Council.
   597 | D        | Noticed a human
   597 | D        | Noticed a human
   599 | D        | Killed a human
   600 | D        | Reached skill level 11 in Stealth
   600 | D        | Killed a human
   632 | D        | Received a gift from Trog
   633 | D        | Reached skill level 12 in Stealth
   648 | D        | Reached XP level 9. HP: 65/65 MP: 8/8
   690 | D        | Noticed a two-headed ogre
   704 | D        | Killed a two-headed ogre
   705 | D        | Reached skill level 13 in Stealth
   803 | D        | Noticed a two-headed ogre
   803 | D        | Noticed Erolcha
   813 | D        | Killed Erolcha
   814 | D        | Reached skill level 15 in Short Blades
   814 | D        | Reached skill level 14 in Stealth
   820 | D        | Killed a two-headed ogre
   820 | D        | Received a gift from Trog
   821 | D        | Reached skill level 15 in Stealth
   821 | D        | Reached skill level 1 in Evocations
   938 | D        | Reached XP level 10. HP: 73/73 MP: 9/9
  1044 | D        | Reached skill level 16 in Stealth
  1056 | D        | Noticed a cane toad
  1056 | D        | Noticed a komodo dragon
  1056 | D        | Noticed a cane toad
  1063 | D        | Killed a cane toad
  1064 | D        | Reached skill level 10 in Dodging
  1067 | D        | Killed a komodo dragon
  1068 | D        | Reached skill level 17 in Stealth
  1073 | D        | Killed a cane toad
  1073 | D        | Reached ****** piety under Trog
  1245 | D        | Noticed a rime drake
  1246 | D        | Killed a rime drake
  1246 | D        | Received a gift from Trog
  1249 | D        | Reached skill level 18 in Stealth
  1597 | D        | Noticed a lindwurm
  1600 | D        | Killed a lindwurm
  1601 | D        | Reached XP level 11. HP: 80/80 MP: 9/9
  1617 | D        | Reached skill level 19 in Stealth
  1675 | D        | Noticed Urug
  1677 | D        | Killed Urug
  1748 | D        | Noticed an orc sorcerer
  1750 | D        | Received a gift from Trog
  1753 | D        | Found Fuikh's Armour Emporium.
  1756 | D        | Noticed an orc knight
  1763 | D        | Killed an orc sorcerer
  1777 | D        | Mangled by an orc warrior

Illustrated notes

Levels and vault maps discovered:
D:        dungeon_sprint_mu [sprint_mu_entry_cave, sprint_mu_temple_rooms,
          sprint_mu_d1_spiders, sprint_mu_d2_genie, sprint_mu_d3_branching,
          sprint_mu_orc_legion, sprint_mu_elf_gauntlet, sprint_mu_hive_nellie,
          sprint_mu_lair_fedhas, sprint_mu_vaults_butterflies,
          sprint_mu_slime_circle, sprint_mu_shoals_archi,
          sprint_mu_snake_twists, sprint_mu_blade_basic, sprint_mu_crypt_lich,
          sprint_mu_tomb_spiral, sprint_mu_vestibule_basic,
          sprint_mu_gehenna_hellfire, sprint_mu_dis_giant,
          sprint_mu_tartarus_statrot, sprint_mu_cocytus_islands, sprint_mu_zot1]

Skill      XL: |  1  2  3  4  5  6  7  8  9 10 11 |
---------------+----------------------------------+-----
Fighting       | 5 7 8 9 11 13 14 | 14.9
Short Blades   | 6 8 10 11 13 14 15 16 17 | 17.4
Armour         | 2 3 4 |  4.8
Dodging        | 3 4 5 6 7 9 11 | 11.8
Stealth        | 1 2 3 6 7 10 12 15 18 19 | 19.8
Evocations     | 1 2 3 |  3.5

Action                     |  1- 3 |  4- 6 |  7- 9 | 10-12 || total
---------------------------+-------+-------+-------+-------++-------
  Melee: Short sword       |    19 |    18 |    30 |       ||    67
         Rapier            |       |       |    26 |    92 ||   118
         Punch             |       |       |       |     1 ||     1
 Invoke: Berserk           |     1 |     2 |     4 |     3 ||    10
  Evoke: Wand              |       |       |     2 |     4 ||     6
         Phantom mirror    |       |       |       |     1 ||     1
    Use: Potion            |       |     4 |     2 |       ||     6
   Stab: Sleeping          |     3 |     5 |     5 |     7 ||    20
 Armour: Animal skin       |     1 |       |       |       ||     1
  Dodge: Dodged            |     2 |     4 |    28 |    33 ||    67

Table legend: (Time is in decaauts)
 A = Elapsed time spent in this place.
 B = Non-inter-level travel time spent in this place.
 C = Inter-level travel time spent in this place.
 D = Time resting spent in this place.
 E = Time spent auto-exploring this place.
 F = Levels seen in this place.
 G = Mean time per level.
                   A        B        C        D        E       F      G
               +--------+--------+--------+--------+--------+-----+--------+
         Total |   1774 |   1774 |      0 |   1223 |     44 |   1 | 1774.0 |
       Dungeon |   1774 |   1774 |      0 |   1223 |     44 |   1 | 1774.0 |
               +--------+--------+--------+--------+--------+-----+--------+

Top non-repeatable levels by time:
       D: 1774 daAuts
